AoeStats
← Melegorth

Arabia

506797594Analyzed
1v1 RM · 18d ago on Sep 15, 2026· 21m 13s· 2 players
Game mode
Random Map
Map size
Tiny (2 player)
Population
200
Speed
Normal
Resources
Standard
Victory
Conquest
Starting age
Dark Age
Ending age
Imperial Age
RankedLock teamsTeams togetherTeam positionsShared explorationLock speedFull tech treeHidden civsTurbo modeCheats
Victory
Defeat
🇮🇳 Koreans · India
603
+13
🇺🇸 Celts · United States
544
-13
Melegorth
0:39 Loom
12:21 Feudal Age
13:47 Wheelbarrow
14:44 Man-at-Arms
"Nina"
11:25 Feudal Age
12:01 Double-Bit Axe
12:08 Horse Collar
12:46 Man-at-Arms
20:10 Castle Age
21:10 Bow Saw
22:26 Wheelbarrow
Connection lost

Rejoining the realm…

Still unreachable

The connection could not be restored.

Session expired

The server has moved on; the page needs a fresh start.